 Dungeon Crawl Stone Soup version 0.24-a0-380-g7ade4d1b3c (webtiles) character file.

Game seed: 7280229525517864693

22386 Gumption the Unseen (level 12, -3/85 (87) HPs)
             Began as a Felid Berserker on May 25, 2019.
             Was an Elder of Trog.
             Slain by a purple ugly thing (5 damage)
             ... on level 14 of the Dungeon on June 3, 2019.
             The game lasted 04:11:36 (36333 turns).

Gumption the Unseen (Felid Berserker)              Turns: 36333, Time: 04:11:37

HP:   -3/85 (87)    AC:  3    Str: 18    XL:     12   Next: 62%
MP:   20/20         EV: 41    Int:  9    God:    Trog [****..]
Gold: 1121          SH:  0    Dex: 20    Spells: 11/11 levels left
                                        Lives: 0   Deaths: 4

rFire    . . .     SeeInvis +     - Unarmed
rCold    + . .     Gourm    .   (shield unavailable)
rNeg     . . .     Faith    .   (armour unavailable)
rPois    .         Spirit   .   (helmet unavailable)
rElec    .         Reflect  .   (cloak unavailable)
rCorr    .         Harm     .   (gloves unavailable)
MR       +++..                  (boots unavailable)
Stlth    ..........             f - amulet of the acrobat
HPRegen  1.24/turn              k - +3 ring of evasion
MPRegen  0.17/turn              J - +4 ring of evasion

@: berserking (expiring), regenerating, very quick
A: very small, no armour, no weapons or thrown items, stealth, claws 1, fangs 3,
see invisible, carnivore, speed 1, shaggy fur 3, slow metabolism 1, sharp paws
a: Berserk, Trog's Hand, Brothers in Arms, Renounce Religion


You were on level 14 of the Dungeon.
You worshipped Trog.
Trog was greatly pleased with you.
You were very full.

You visited 3 branches of the dungeon, and saw 21 of its levels.

You collected 1366 gold pieces.
You spent 245 gold pieces at shops.

Inventory:

Jewellery
 f - an amulet of the acrobat (around neck)
 k - a +3 ring of evasion (left paw)
 o - a +2 amulet of reflection
 s - a cursed amulet of inaccuracy {unknown}
 u - an uncursed ring of ice
 z - the ring "Diere" {Fire *Drain rPois MP+9 Dex+4}
   (You acquired it on level 5 of the Lair of Beasts)

   [ring of fire]

   It enhances your fire magic.
   It affects your dexterity (+4).
   It protects you from fire.
   It makes you vulnerable to cold.
   It protects you from poison.
   It affects your magic capacity (+9).
   It causes draining when unequipped.
 J - a +4 ring of evasion (right paw)
 K - an uncursed ring of resist corrosion
 O - an uncursed ring of poison resistance
Wands
 i - a wand of polymorph (32)
 j - a wand of iceblast (15)
 x - a wand of random effects (4)
 y - a wand of paralysis (7)
 C - a wand of digging (5)
 D - a wand of disintegration (23)
 E - a wand of flame (38)
 F - a wand of enslavement (7)
 I - a wand of scattershot (5)
 L - a wand of acid (6)
 M - a wand of clouds (3)
Scrolls
 b - 10 scrolls of teleportation
 c - 2 scrolls of blinking
 g - 8 scrolls of remove curse
 l - 4 scrolls of immolation
 G - 4 scrolls of identify
Potions
 d - 2 potions of berserk rage
 e - a potion of agility
 h - 2 potions of invisibility
 m - 8 potions of flight
 n - 3 potions of mutation
 p - a potion of heal wounds
 q - 8 potions of curing
 r - a potion of brilliance
 t - 2 potions of ambrosia
 v - 3 potions of might
 w - 2 potions of resistance
 A - 2 potions of magic
 B - a potion of cancellation
 H - 4 potions of lignification
 P - a potion of haste {unknown}
Comestibles
 a - 37 rations
 N - 7 chunks of flesh


   Skills:
 + Level 10.1 Fighting
 * Level 17.0 Dodging
 * Level 17.8 Stealth
 * Level 13.6 Unarmed Combat
 + Level 9.8 Evocations


You had 11 spell levels left.
You didn't know any spells.
Your spell library was empty.

Dungeon Overview and Level Annotations

Branches:
Dungeon (14/15)            Temple (1/1) D:6            Lair (6/6) D:11
  Swamp (0/4) Lair:4        Snake (0/4) Lair:2        Slime (0/5) Lair:5
    Orc (0/2) D:12         Vaults (0/5) D:13

Altars:
Cheibriados
Elyvilon
Kikubaaqudgha
Okawaru
Sif Muna
Trog
Uskayaw
Vehumet
Wu Jian
Yredelemnul
Jiyva

Shops:
D:7 *   D:8 :   D:12 [

Annotations:
D:2 Sigmund
D:9 exclusion: statue
D:10 2 transporters, bezhaha's ghost, journeyman KoAr
D:11 1 exclusion
D:13 Nessos; Urug
Lair:5 1 runed translucent door


Innate Abilities, Weirdness & Mutations

You cannot wear armour.
You are incapable of wielding weapons or throwing items.
Your paws allow you to move quietly. (Stealth)
You have sharp claws.
You have razor-sharp teeth.
You have supernaturally acute eyesight. (SInv)
You are carnivorous and can eat meat at any time.
You cover ground quickly.
Your thick and shaggy fur keeps you warm. (AC +3, rC+)
You have a slow metabolism.
Your sharp claws are effective at attacking unaware monsters.


Message History

You closely miss the purple ugly thing. Your bite misses the purple ugly thing.
The purple ugly thing is almost dead.
The purple ugly thing completely misses you.
You closely miss the purple ugly thing. You claw the purple ugly thing!
You kill the purple ugly thing!
Trog accepts your kill.
The purple ugly thing tentacle-slaps you!
* * * LOW HITPOINT WARNING * * *
The hungry ghost completely misses you.
You see here an ugly thing corpse.
You are too injured to fight recklessly!
You are too injured to fight recklessly!
You are too injured to fight recklessly!
You are too injured to fight recklessly!
You claw the purple ugly thing! x2
The purple ugly thing is moderately wounded.
You claw the purple ugly thing! Your bite misses the purple ugly thing.
The purple ugly thing is heavily wounded.
The purple ugly thing tentacle-slaps you.
You die...

#......# ### #u...[.# #####
..... ... .u..............#
..#.# #.. .#.###......#.#.#
#.#.#####..###.# #.##.#.#.#.##
#+##n#...
.....#.###.##.#.#.≈...
.....).####
.uuu........###≈≈≈##
..........# #u###.......#≈≈≈≈≈#
.....%.# #.@W)...?....≈≈≈≈≈#
.......# ####.#.......#≈≈≈##
.).....# ##≈........##≈.##
........... #≈≈≈......####..#
............ #≈≈;≈≈####.....#.#
............ ..≈≈≈≈E≈≈
#.###.#..
...............≈W≈≈≈≈≈≈ #.#
#.##.
......#...o..........≈..[.###.#
.
.....^...#................#...#
#


You could see 3 ugly things and a hungry ghost.

Vanquished Creatures
  A rakshasa (D:13)
  7 hydras
  A catoblepas (Lair:4)
  2 centaur warriors (D:13)
  Erica (D:10)
  2 two-headed ogres
  Sonja (D:10)
  3 unseen horrors
  5 skeletal warriors
  A wizard (D:9)
  A lindwurm (Lair:6)
  5 ugly things
  2 deep elf magi (D:13)
  A manticore (D:12)
  2 cyclopes
  Maurice (D:8)
  10 elephants
  6 black mambas
  2 gargoyles
  Psyche (D:10)
  A centaur zombie (D:12)
  A kobold demonologist (D:11)
  8 spiny frogs
  3 rime drakes
  6 komodo dragons
  A tengu conjurer (D:14)
  5 polar bears (Lair:6)
  A bog body (Lair:4)
  10 hornets
  15 blink frogs
  Grinder (D:4)
  14 dream sheep
  7 hippogriffs
  A shadow (D:12)
  8 spriggans (Lair:6)
  27 yaks
  A vampire (D:10)
  A wraith (D:10)
  3 basilisks
  A yak (shapeshifter) (D:14)
  Grum (D:8)
  15 humans
  A water elemental (D:14)
  2 hungry ghosts
  3 swamp worms (Lair:4)
  2 acid dragons
  29 water moccasins
  5 black bears
  7 porcupines
  4 sky beasts
  11 orc warriors
  6 phantoms
  An ice beast (D:9)
  3 boggarts (Lair:6)
  40 wolves
  9 ogres
  A necrophage (D:14)
  11 crocodiles
  10 centaurs
  8 big kobolds
  19 bullfrogs
  A wyvern skeleton (D:12)
  4 scorpions
  A water moccasin skeleton (D:8)
  14 killer bees
  9 electric eels
  A howler monkey (D:9)
  7 crimson imps
  A lava snake (D:13)
  3 quasits
  2 bullfrog zombies
  A jelly (D:5)
  7 orc priests
  2 centaur skeletons
  8 hounds
  6 iguanas
  12 orc wizards
  A bullfrog skeleton (D:5)
  8 worker ants
  Ijyb (D:4)
  2 killer bee zombies
  2 hound zombies (D:7)
  A hound skeleton (D:6)
  2 howler monkey zombies
  3 worker ant zombies
  Robin (D:2)
  A gnoll (D:1)
  A howler monkey skeleton (D:11)
  20 adders
  5 shadow imps
  2 oozes
  2 adder zombies
  An adder skeleton (D:9)
  3 worms (D:2)
  4 dart slugs
  5 leopard geckos
  72 orcs
  3 bats
  3 giant cockroaches
  13 goblins
  13 hobgoblins
  8 jackals
  5 quokkas
  5 ball pythons
  5 frilled lizards
  A jackal skeleton (D:6)
  26 kobolds
  A quokka zombie (D:8)
  5 rats
  A spectral orc (D:8)
  A fungus (Lair:4)
664 creatures vanquished.

Vanquished Creatures (collateral kills)
  An elephant (Lair:5)
  2 spiny frogs
  A komodo dragon (Lair:4)
  A hornet (Lair:6)
  A polar bear (Lair:6)
  A bog body (Lair:4)
  3 spriggans (Lair:6)
  A yak (Lair:4)
  4 wolves
  A centaur (D:11)
  A bullfrog (D:11)
  A killer bee (D:11)
  An orc priest (D:11)
  An orc wizard (D:11)
  An adder (D:11)
  An orc (D:11)
22 creatures vanquished.

Vanquished Creatures (others)
  A bullfrog zombie (D:13)
  An adder (D:9)
  A quokka (D:9)
  A kobold (D:11)
  22 fungi
  6 plants
32 creatures vanquished.

Grand Total: 718 creatures vanquished

Notes
Turn   | Place    | Note
-------+----------+-------------------------------------------
     0 | D:1      | Gumption the Felid Berserker began the quest for the Orb.
     0 | D:1      | Reached XP level 1. HP: 10/10 MP: 2/2
   159 | D:1      | Reached skill level 1 in Stealth
   160 | D:1      | Reached XP level 2. HP: 13/14 MP: 3/3
   889 | D:1      | Reached XP level 3. HP: 17/17 MP: 4/4
  1818 | D:2      | Reached XP level 4. HP: 21/21 MP: 5/5
  1948 | D:2      | Reached ** piety under Trog
  2132 | D:2      | Reached skill level 5 in Dodging
  3095 | D:2      | Noticed Robin
  3292 | D:2      | Killed Robin
  3298 | D:2      | Reached XP level 5. HP: 24/24 MP: 6/6
  3567 | D:2      | Noticed Sigmund
  4298 | D:4      | Noticed a phantom
  4327 | D:4      | Noticed Grinder
  4659 | D:4      | Noticed an orc warrior
  4675 | D:4      | Noticed a phantom
  4956 | D:4      | Killed a phantom
  4956 | D:4      | Gained mutation: You are covered in thick fur. (AC +2)
                  | [Felid growth]
  4956 | D:4      | Reached XP level 6. HP: 13/28 MP: 7/7
  5539 | D:4      | Reached skill level 5 in Stealth
  5831 | D:4      | Paralysed by Grinder for 7 turns
  5843 | D:4      | Killed Grinder
  5843 | D:4      | Reached skill level 5 in Unarmed Combat
  5843 | D:4      | Reached XP level 7. HP: 28/32 MP: 8/8
  6324 | D:4      | Found a bloodstained altar of Trog.
  6380 | D:4      | Noticed Ijyb
  6401 | D:4      | Killed Ijyb
  6637 | D:5      | Entered Level 5 of the Dungeon
  6742 | D:5      | Reached XP level 8. HP: 36/36 MP: 9/9
  6901 | D:5      | Reached skill level 1 in Evocations
  7048 | D:5      | Found an iron altar of Okawaru.
  7507 | D:6      | Found a staircase to the Ecumenical Temple.
  7536 | Temple   | Entered the Ecumenical Temple
  7611 | D:6      | Reached skill level 5 in Fighting
  8249 | D:6      | Reached XP level 9. HP: 40/40 MP: 11/11
  8451 | D:6      | Reached *** piety under Trog
  8628 | D:6      | Found a deep blue altar of Sif Muna.
  9308 | D:7      | Found Liuvvul's Assorted Antiques.
 10071 | D:6      | Reached skill level 10 in Dodging
 10199 | D:7      | Reached skill level 10 in Stealth
 10259 | D:7      | Bought a sapphire potion for 17 gold pieces
 10259 | D:7      | Bought a potion of heal wounds for 95 gold pieces
 10259 | D:7      | Bought a scroll of teleportation for 57 gold pieces
 10259 | D:7      | Bought a scroll of identify for 38 gold pieces
 10259 | D:7      | Bought a wand of polymorph (11) for 38 gold pieces
 10608 | D:8      | Found Adumaq's Book Shop.
 10614 | D:8      | Found a snail-covered altar of Cheibriados.
 11007 | D:8      | Noticed an unseen horror
 11038 | D:8      | Killed an unseen horror
 11038 | D:8      | Reached XP level 10. HP: 45/45 MP: 14/14
 11215 | D:8      | Found a basalt altar of Yredelemnul.
 11704 | D:8      | Noticed a two-headed ogre
 11717 | D:8      | Killed a two-headed ogre
 11844 | D:8      | Noticed Maurice
 11854 | D:8      | Killed Maurice
 11954 | D:8      | Reached **** piety under Trog
 12028 | D:8      | Noticed Grum
 12087 | D:8      | Killed Grum
 12124 | D:7      | Reached skill level 5 in Evocations
 12807 | D:9      | Found a radiant altar of Vehumet.
 12871 | D:9      | Found a white marble altar of Elyvilon.
 13513 | D:9      | Noticed a five-headed hydra
 13513 | D:9      | Noticed a wizard
 13513 | D:9      | Noticed a tengu warrior
 13810 | D:9      | Killed a wizard
 13810 | D:9      | Reached XP level 11. HP: 49/49 MP: 14/16
 13923 | D:9      | Found a snail-covered altar of Cheibriados.
 13924 | D:9      | Found an ornate altar of the Wu Jian Council.
 13927 | D:9      | Found an ancient bone altar of Kikubaaqudgha.
 13929 | D:9      | Found a hide-covered altar of Uskayaw.
 14915 | D:9      | Mangled by a tengu warrior
 14916 | D:9      | Reached XP level 10. HP: -9/46 MP: 15/15
 15525 | D:10     | Entered Level 10 of the Dungeon
 15547 | D:10     | Noticed a skeletal warrior
 15547 | D:10     | Noticed a skeletal warrior
 15548 | D:10     | Noticed a skeletal warrior
 15550 | D:10     | Noticed a skeletal warrior
 15551 | D:10     | Noticed a skeletal warrior
 15552 | D:10     | Killed a skeletal warrior
 15634 | D:10     | Noticed Psyche
 15641 | D:10     | Killed Psyche
 15704 | D:10     | Found a transporter.
 15725 | D:10     | Noticed a death knight
 15731 | D:10     | Noticed an ogre mage
 15731 | D:10     | Noticed bezhaha's ghost (journeyman KoAr)
 15734 | D:10     | Found a transporter.
 15864 | D:9      | Killed a skeletal warrior
 15936 | D:9      | Killed a cyclops
 16039 | D:10     | Noticed Sonja
 16222 | D:9      | Killed a five-headed hydra
 16740 | D:10     | Killed a skeletal warrior
 16740 | D:10     | Reached skill level 10 in Unarmed Combat
 16740 | D:10     | Reached XP level 11. HP: 50/50 MP: 16/16
 16852 | D:10     | Killed Sonja
 16913 | D:10     | Noticed a green ugly thing
 16928 | D:10     | Killed a green ugly thing
 16978 | D:10     | Noticed Erica
 16986 | D:10     | Killed Erica
 17021 | D:10     | Killed a skeletal warrior
 17040 | D:10     | Killed a skeletal warrior
 18421 | D:11     | Noticed a white ugly thing
 18429 | D:11     | Killed a white ugly thing
 18675 | D:11     | Reached ***** piety under Trog
 18997 | D:11     | Shot with an arrow by a centaur
 18998 | D:11     | Reached XP level 10. HP: -8/48 MP: 16/16
 19044 | D:11     | Reached XP level 11. HP: 50/51 MP: 17/17
 19580 | D:11     | Found a staircase to the Lair.
 19676 | D:11     | Noticed an unseen horror
 19679 | D:11     | Killed an unseen horror
 19761 | Lair:1   | Entered Level 1 of the Lair of Beasts
 21478 | Lair:2   | Found a staircase to the Snake Pit.
 21754 | Lair:2   | You fall into a shaft and drop 2 floors!
 21892 | Lair:3   | Reached skill level 15 in Stealth
 22294 | Lair:3   | Gained mutation: Your thick and shaggy fur keeps you warm.
                  | (AC +3, rC+) [Felid growth]
 22294 | Lair:3   | Reached XP level 12. HP: 56/56 MP: 18/18
 22543 | Lair:3   | Noticed a seven-headed hydra
 22720 | Lair:3   | Killed a seven-headed hydra
 24055 | Lair:4   | Noticed a catoblepas
 24055 | Lair:4   | You fall into a shaft and drop 1 floor!
 24061 | Lair:5   | Noticed a four-headed hydra
 24429 | Lair:4   | Reached skill level 15 in Dodging
 24722 | Lair:4   | Killed a catoblepas
 24984 | Lair:4   | Noticed an eight-headed hydra
 25053 | Lair:4   | Killed an eight-headed hydra
 25745 | Lair:4   | Found a staircase to the Swamp.
 25877 | Lair:5   | Killed a four-headed hydra
 26540 | Lair:4   | Reached XP level 13. HP: 60/60 MP: 20/20
 26631 | Lair:5   | Found a runed translucent door.
 26631 | Lair:5   | Found a viscous altar of Jiyva.
 27353 | Lair:5   | Found a staircase to the Slime Pits.
 27353 | Lair:5   | Noticed an acid blob
 27452 | Lair:5   | Identified a scroll of acquirement
 27455 | Lair:5   | Got a bound turquoise ring
 27456 | Lair:5   | Identified the ring "Diere" {Fire *Drain rPois MP+9 Dex+4}
                  | (You acquired it on level 5 of the Lair of Beasts)
 27660 | Lair:6   | Entered Level 6 of the Lair of Beasts
 30427 | Lair:6   | HP: 3/60 [polar bear (26)]
 32971 | Lair:6   | Reached XP level 14. HP: 65/65 MP: 22/22
 33421 | D:12     | Found a staircase to the Orcish Mines.
 33551 | D:12     | Found Rupefauw's Armour Boutique.
 34250 | D:13     | Found a gate to the Vaults.
 34258 | D:13     | Noticed Urug
 34567 | D:13     | Noticed Nessos
 34625 | D:13     | Shot with an arrow by Nessos
 34626 | D:13     | Reached XP level 13. HP: -21/61 MP: 21/21
 34626 | D:13     | Upgraded the game from 0.24-a0-358-g53aee78b01 to
                  | 0.24-a0-375-g4de66ed42b
 34964 | D:13     | Reached skill level 10 in Fighting
 35338 | D:13     | HP: 3/61 [Nessos/arrow (1)]
 35698 | D:13     | Shot with an arrow by Nessos
 35699 | D:13     | Reached XP level 12. HP: -6/58 MP: 20/20
 35726 | D:13     | Upgraded the game from 0.24-a0-375-g4de66ed42b to
                  | 0.24-a0-380-g7ade4d1b3c
 36331 | D:14     | HP: 1/85 [purple ugly thing (16)]
 36333 | D:14     | Slain by a purple ugly thing

Levels and vault maps discovered:
D:1:      minmay_arrival_open_corners, layout_rooms, serial_forest,
          infiniplex_forest_clump_diagonal, infiniplex_forest_zigzag_1,
          infiniplex_forest_clump_double, infiniplex_forest_straight_3,
          infiniplex_forest_join, infiniplex_forest_3_way,
          infiniplex_forest_clump_long
D:2:      layout_basic, kennysheep_generic_room_14, uniq_robin, uniq_sigmund
D:3:      layout_rooms, serial_bayou_pond_c
D:4:      layout_gridville, first_ration, trog_book, uniq_ijyb, uniq_grinder
D:5:      layout_rooms, okawaru_metal_pillars_1_2
D:6:      layout_loops_ring, nicolae_overflow_crystal_walls,
          minmay_temple_entry_waves, nrook_pool_corridor, moated_statue
D:7:      layout_rooms, serial_shops, shop
D:8:      kennysheep_blocky_room, layout_rooms,
          yredelemnul_forgotten_temple_becter, basic_altar, serial_shops, shop,
          uniq_maurice, uniq_grum
D:9:      minmay_chambers_of_sevens, layout_basic, minitemple, vehumet_statue,
          elyvilon_altar_4
D:10:     layout_roguey [special_room_orc], gammafunk_ghost_arena,
          hangedman_pestilent_swarm, uniq_sonja, uniq_erica, uniq_psyche
D:11:     layout_loops_ring, lair_entry_dummy, portal_ice_cave_entry_pillars_2
D:12:     layout_basic, orc_0_dummy, serial_shops, shop
D:13:     layout_basic, david_vaults_3, enter_trove_6, billiards_dpeg
D:14:     layout_basic, nicolae_two_hexagons
Temple:   jpeg_temple_clearing
Lair:1:   layout_chaotic_city, nicolae_quartered_pool_super,
          serial_bayou_shore_a, infiniplex_staircase_pool
Lair:2:   layout_big_grid, minmay_snake_entry_six_corridors, enter_volcano_4
Lair:3:   layout_layer_cave
Lair:4:   layout_roguey, nicolae_swamp_entry_splash_gauntlet
Lair:5:   layout_regular_city, slime_altar_2
Lair:6:   minmay_lair_end_enchanted_forest, layout_cave_pods,
          infiniplex_staircase_pool_2

Skill      XL: |  1  2  3  4  5  6  7  8  9 10 11 12 13 |
---------------+----------------------------------------+-----
Stealth        | 1 2 3 4 5 6 8 10 12 15 16 17 | 17.8
Dodging        | 5 6 7 9 10 12 14 17 16 | 17.0
Unarmed Combat | 4 5 6 8 10 11 12 13 | 13.6
Fighting       | 4 5 6 8 9 10 | 10.1
Evocations     | 2 4 6 7 8 9 |  9.8

Action                   |  1- 3 |  4- 6 |  7- 9 | 10-12 | 13-15 || total
-------------------------+-------+-------+-------+-------+-------++-------
Melee: Unarmed           |    71 |   151 |   267 |  1077 |   569 ||  2135
       Bite              |     8 |    15 |    33 |   141 |    81 ||   278
       Punch             |       |     2 |     8 |    72 |    49 ||   131
Invok: Berserk           |    11 |    22 |    44 |    75 |    43 ||   195
       Trog's Hand       |       |     3 |     8 |    22 |    10 ||    43
       Brothers in Arms  |       |       |       |     9 |     6 ||    15
Evoke: Wand              |       |       |       |     9 |    33 ||    42
  Use: Scroll            |     3 |     8 |     4 |    10 |    10 ||    35
       Potion            |       |     1 |       |     1 |     2 ||     4
 Stab: Sleeping          |     8 |     4 |    16 |    56 |    15 ||    99
       Distracted        |       |     1 |     1 |     9 |     4 ||    15
       Paralysed         |       |       |       |     4 |     2 ||     6
  Eat: Chunk             |    19 |    26 |    48 |   122 |    68 ||   283
Armor: Skin              |     3 |     4 |     7 |    17 |     7 ||    38
Dodge: Dodged            |    30 |   113 |   258 |  1247 |   654 ||  2302

Table legend:
 A = Non-vault XP
 B = Vault XP
 C = Vault XP percentage of total XP
 D = Non-vault monster count
 E = Vault monster count
 F = Vault count percentage of total count
                 A         B        C        D         E       F
            +---------+---------+-------+---------+---------+-------
      Total |   73688 |   24374 |  24.9 |     525 |     160 |  23.4
            +---------+---------+-------+---------+---------+-------
        D:1 |      66 |       0 |   0.0 |      25 |       0 |   0.0
        D:2 |      97 |      38 |  28.1 |      23 |      13 |  36.1
        D:3 |      24 |       0 |   0.0 |      12 |       0 |   0.0
        D:4 |     721 |     297 |  29.2 |      18 |       2 |  10.0
        D:5 |     747 |       0 |   0.0 |      21 |       0 |   0.0
        D:6 |    2473 |       0 |   0.0 |      41 |       0 |   0.0
        D:7 |     939 |     111 |  10.6 |      23 |       1 |   4.2
        D:8 |    1808 |    2059 |  53.2 |      21 |      11 |  34.4
        D:9 |    2546 |    3015 |  54.2 |      22 |      19 |  46.3
       D:10 |    4760 |    3103 |  39.5 |      20 |      27 |  57.4
       D:11 |    5904 |       0 |   0.0 |      66 |       0 |   0.0
       D:12 |    2640 |     377 |  12.5 |      20 |       2 |   9.1
       D:13 |    6812 |    5218 |  43.4 |      25 |      18 |  41.9
       D:14 |    2553 |       0 |   0.0 |      20 |       0 |   0.0
     Lair:1 |    2239 |       0 |   0.0 |      14 |       0 |   0.0
     Lair:2 |    4004 |    1737 |  30.3 |      20 |      17 |  45.9
     Lair:3 |    5223 |       0 |   0.0 |      22 |       0 |   0.0
     Lair:4 |    7243 |     974 |  11.9 |      28 |       6 |  17.6
     Lair:5 |   12356 |     115 |   0.9 |      51 |       1 |   1.9
     Lair:6 |   10533 |    7330 |  41.0 |      33 |      43 |  56.6
            +---------+---------+-------+---------+---------+-------
